 Dungeon Crawl Stone Soup version 0.31-a0-460-g9e667d4245 (webtiles) character file.

Game seed: 7578927761524007407

55 Xavori the Trooper (level 4, 35/35 HPs)
             Began as a Djinni Chaos Knight on Aug 4, 2023.
             Was a Plaything of Xom.
             Quit the game on level 1 of the Dungeon.
             The game lasted 00:01:36 (8919 turns).

Xavori the Trooper (Djinni Chaos Knight)            Turns: 8919, Time: 00:01:36

Health: 35/35      AC:  5    Str:  9    XL:     4   Next: 14%
Gold:   52         EV: 12    Int: 13    God:    Xom [*.....] SH:  0 Dex: 13

rFire   + + .        a - +0 falchion (chaos)
rCold   x . .        (no shield)
rNeg    . . .        b - +2 leather armour
rPois   ∞            (no helmet)
rElec   .            (no cloak)
rCorr   .            (no gloves)
SInv    .            (boots unavailable)
Will    .....        (no amulet)
Stlth   +            (no ring)
HPRegen 0.25/turn    (no ring)
MPRegen 0.00/turn

%: no passive effects
@: flying
A: sickness immunity, fire resistance 2, cold vulnerability 1, float, innate
caster, HP casting, extra vitality 1, weak 2, subdued magic 1, devolution 1
a: Renounce Religion


You were on level 1 of the Dungeon.
You worshipped Xom.
You were a special plaything of Xom.
You visited 1 branch of the dungeon, and saw 2 of its levels.

You collected 52 gold pieces.

Inventory:

Hand Weapons
 a - a +0 falchion of chaos (weapon)
Armour
 b - a +2 leather armour (worn)
Jewellery
 h - a ring of positive energy
Scrolls
 c - a scroll of butterflies
 f - a scroll of teleportation {unknown}
Potions
 d - 2 potions of berserk rage {unknown}
 e - a potion of attraction {unknown}
 g - a potion of mutation {unknown}


   Skills:
 + Level 3.2 Fighting
 + Level 3.2 Long Blades
 + Level 1.9 Armour
 + Level 2.4 Dodging
 + Level 0.3 Stealth
 * Level 0.5 Spellcasting
 * Level 0.5 Conjurations
 * Level 0.5 Hexes
 * Level 0.5 Summonings
 * Level 0.5 Necromancy
 * Level 0.5 Translocations
 * Level 0.5 Transmutations
 * Level 0.5 Fire Magic
 * Level 0.5 Ice Magic
 * Level 0.5 Air Magic
 * Level 0.5 Earth Magic
 * Level 0.5 Poison Magic


You knew the following spells:

 Your Spells              Type           Power      Damage    Failure   Level
a - Slow                  Hex            4%         N/A       28%         1
Your spell library was empty.

Dungeon Overview and Level Annotations

Branches:
Dungeon (2/15)

Altars:


Innate Abilities, Weirdness & Mutations

You are immune to sickness and miasma.
You are immune to poison.
Your flesh is very heat resistant. (rF++)
You are vulnerable to cold. (rC-)
You float through the air rather than walking.
You learn spells naturally, not from books.
Your magical power is your life essence.
You have superior vitality. (+4 MHP)
You are very weak. (Str -4)
Your spells are a little easier to cast, but a little less powerful.
You have hidden genetic defects.


Message History

You start waiting.
Xom makes a sudden noise!
You hear a roar!
You start waiting.
You start waiting.
You start waiting.
You start waiting.
You start waiting.
You start waiting.
You start waiting. "Let me alter your body."
Your body is suffused with distortional energy.
You feel vulnerable to cold.
You start waiting.
You start waiting.
You start waiting.
You start waiting.
You start waiting.
You start waiting.
You start waiting.
You start waiting.
You start waiting.
You hear Xom's maniacal laughter.
Your body is wracked with pain!
You start resting.
You start resting.
HP restored.
You start waiting.
You start waiting.
Done waiting.
You start waiting.
Done waiting.
You start waiting.
Xom's power brushes against you for a moment.
Your body is suffused with distortional energy.
You feel less vulnerable to cold.
You no longer feel strong-willed.
You feel stupid.
You start waiting. "Fight to survive, mortal."
A bat is nearby!
Are you sure you want to abandon this character and quit the game? (Confirm with "yes".)

...##.....#########># #.#.##
#.####.##.# #.# #.#.# #.#
#.##.#########.#####.#.#
#.####.##.#............##.#.#
#.................#.##.##.#.#
#.#####.#.#.#####.#.##.##.#.#
#.# #.#.#.# #.#.##.##.#.# #.#
#.#.#.#####...........#### #.#
#.#(....b.@....#.).......#
#.#####.#...#####..#.#.##.####.#
#.....#.#...####...#...##.# #.#
#####.#..........#####...># #.#
##.#####^####...#...#### #.##
#...####.######.#.#.# #.).
#...................# ####
#...################# #####


You could see a bat (summoned, wandering).

Vanquished Creatures
  3 gnolls (D:2)
  An adder (D:1)
  An endoplasm (D:1)
  2 giant cockroaches
  2 goblins (D:1)
  2 ball pythons
  A bat (D:1)
  A frilled lizard (D:1)
  4 kobolds (D:1)
  2 rats (D:1)
19 creatures vanquished.

Notes
Turn   | Place    | Note
-------+----------+-------------------------------------------
     0 | D:1      | Xavori the Djinni Chaos Knight began the quest for the Orb.
     0 | D:1      | Reached XP level 1. HP: 20/20 MP: 0/0
    29 | D:1      | XOM: divination: detect items
   207 | D:1      | XOM: divination: magic mapping
   287 | D:1      | XOM: give mutations
   287 | D:1      | Gained mutation: Armour fits poorly on your strangely
                  | shaped body. [Xom's mischief]
   287 | D:1      | Lost mutation: Armour fits poorly on your strangely shaped
                  | body. [Xom's mischief]
   608 | D:1      | XOM: butterfly on damage
   901 | D:1      | XOM: 1-stop teleportation journey
   959 | D:1      | XOM: butterfly on damage
   961 | D:1      | Reached XP level 2. HP: 5/25 MP: 0/0
   996 | D:1      | XOM: silly message
  1317 | D:1      | XOM: torment (14/25 hp)
  1489 | D:1      | Reached XP level 3. HP: 26/30 MP: 0/0
  1489 | D:1      | Learned a level 1 spell: Slow
  1938 | D:1      | XOM: give mutations
  1938 | D:1      | Gained mutation: You are weak. (Str -2) [Xom's mischief]
  1938 | D:1      | Gained mutation: Potions are less effective at restoring
                  | your health. [Xom's mischief]
  2175 | D:1      | XOM: noise
  2209 | D:1      | XOM: give mutations
  2209 | D:1      | Gained mutation: Your mind is acute. (Int +4, Str/Dex -1)
                  | [Xom's mischief]
  3040 | D:1      | XOM: give mutation
  3040 | D:1      | Gained mutation: Armour fits poorly on your strangely
                  | shaped body. [Xom's mischief]
  3257 | D:1      | XOM: give mutation
  3257 | D:1      | Lost mutation: You are weak. (Str -2) [Xom's grace]
  3910 | D:1      | XOM: give mutations
  3910 | D:1      | Lost mutation: Potions are less effective at restoring your
                  | health. [Xom's mischief]
  3910 | D:1      | Gained mutation: You have hidden genetic defects. [Xom's
                  | mischief]
  3910 | D:1      | Gained mutation: You are weak. (Str -2) [Xom's mischief]
  3910 | D:1      | Lost mutation: Armour fits poorly on your strangely shaped
                  | body. [Xom's mischief]
  4309 | D:1      | XOM: silly message
  4629 | D:1      | XOM: silly message
  5054 | D:1      | XOM: summons 2 hostile demons
  5096 | D:2      | XOM: noise
  5096 | D:2      | Gained mutation: You are very weak. (Str -4) [hidden
                  | defects]
  6912 | D:1      | XOM is BORED!
  6912 | D:1      | XOM: summons 2 hostile demons
  6919 | D:2      | Reached XP level 4. HP: 33/35 MP: 0/0
  7022 | D:2      | XOM: give mutations
  7022 | D:2      | Gained mutation: You are strong-willed. (Will+) [Xom's
                  | mischief]
  7022 | D:2      | Gained mutation: Your spells are a little easier to cast,
                  | but a little less powerful. [Xom's mischief]
  7022 | D:2      | Gained mutation: Your mind is very acute. (Int +8, Str/Dex
                  | -2) [Xom's mischief]
  7022 | D:2      | Lost mutation: Your mind is very acute. (Int +8, Str/Dex
                  | -2) [Xom's mischief]
  7071 | D:1      | XOM: noise
  7326 | D:1      | XOM: silly message
  7622 | D:1      | XOM: noise
  7816 | D:1      | XOM: noise
  7824 | D:1      | XOM: divination: detect creatures
  8009 | D:1      | XOM: torment (19/35 hp)
  8032 | D:1      | XOM: noise
  8083 | D:1      | XOM: noise
  8304 | D:1      | XOM: give mutation
  8304 | D:1      | Gained mutation: You are very vulnerable to cold. (rC--)
                  | [Xom's mischief]
  8578 | D:1      | XOM: torment (19/35 hp)
  8902 | D:1      | XOM: give mutations
  8902 | D:1      | Lost mutation: You are very vulnerable to cold. (rC--)
                  | [Xom's mischief]
  8902 | D:1      | Lost mutation: You are strong-willed. (Will+) [Xom's
                  | mischief]
  8902 | D:1      | Lost mutation: Your mind is acute. (Int +4, Str/Dex -1)
                  | [Xom's mischief]
  8918 | D:1      | XOM: summons 1 hostile shadow creature
  8919 | D:1      | Quit the game

Illustrated notes

Levels and vault maps discovered:
D:1:      lightli_arrival_windingriver, layout_loops_ring
D:2:      cheibrodos_helix_gallery, layout_loops_ring, serial_shops,
          nicolae_shop_hallway_plus

Skill      XL: |  1  2 |
---------------+-------+-----
Long Blades    | 3 |  3.2
Fighting       | |  3.2
Armour         | |  1.9
Dodging        | |  2.4
Stealth        | |  0.3
Spellcasting   | |  0.5
Conjurations   | |  0.5
Hexes          | |  0.5
Summonings     | |  0.5
Necromancy     | |  0.5
Translocations | |  0.5
Transmutations | |  0.5
Fire Magic     | |  0.5
Ice Magic      | |  0.5
Air Magic      | |  0.5
Earth Magic    | |  0.5
Poison Magic   | |  0.5

Action                     |  1- 3 |  4- 6 || total
---------------------------+-------+-------++-------
  Melee: Falchion          |    58 |       ||    58
         Punch             |     2 |       ||     2
 Armour: Leather armour    |    21 |       ||    21
  Dodge: Dodged            |    35 |       ||    35

Table legend: (Time is in decaauts)
 A = Elapsed time spent in this place.
 B = Non-inter-level travel time spent in this place.
 C = Inter-level travel time spent in this place.
 D = Time resting spent in this place.
 E = Time spent auto-exploring this place.
 F = Levels seen in this place.
 G = Mean time per level.
                   A        B        C        D        E       F      G
               +--------+--------+--------+--------+--------+-----+--------+
         Total |   8930 |   8912 |     18 |   8161 |    610 |   2 | 4465.0 |
       Dungeon |   8930 |   8912 |     18 |   8161 |    610 |   2 | 4465.0 |
               +--------+--------+--------+--------+--------+-----+--------+

Top non-repeatable levels by time:
     D:1: 8769 daAuts
     D:2: 160 daAuts
